 Dungeon Crawl Stone Soup version 0.31-a0-1206-g41278d8d1d (webtiles) character file.

Game seed: 15194071339676119081

501 kae the Basher (level 6, -2/51 HPs)
             Began as a Minotaur Fighter on Dec 12, 2023.
             Slain by an iguana (10 damage)
             ... on level 3 of the Dungeon on Dec 13, 2023.
             The game lasted 00:04:09 (2827 turns).

kae the Basher (Minotaur Fighter)                   Turns: 2827, Time: 00:04:10

Health: -2/51      AC:  2    Str: 23    XL:     6   Next: 95%
Magic:  5/5        EV:  9    Int:  5    God:
Gold:   174        SH:  5    Dex: 15    Spells: 5/5 levels left

rFire   . . .        a - +0 flail
rCold   . . .        c - +0 buckler
rNeg    . . .        b - +0 scale mail
rPois   .            (helmet restricted)
rElec   .            (no cloak)
rCorr   .            (no gloves)
SInv    +            (no boots)
Will    .....        (no amulet) Stlth
                     D - +6 ring of dexterity
HPRegen 0.28/turn    v - ring of see invisible
MPRegen 0.09/turn

%: no passive effects
@: corroded
A: horns 2, retaliatory headbutt
a: no special abilities


You were on level 3 of the Dungeon.
You visited 1 branch of the dungeon, and saw 4 of its levels.

You collected 174 gold pieces.


Innate Abilities, Weirdness & Mutations

You have a pair of horns on your head.
You reflexively headbutt those who attack you in melee.


   Skills:
 - Level 3.6 Fighting
 + Level 9.1 Maces & Flails
 - Level 3.6 Armour
 - Level 3.6 Shields


You had 5 spell levels left.
You didn't know any spells.
Your spell library was empty.

Inventory:

Hand Weapons
 a - a +0 flail (weapon)
Missiles
 k - 46 stones
 o - 2 throwing nets {=f!f}
 u - 7 poisoned darts
Armour
 b - a +0 scale mail (worn)
 c - a +0 buckler (worn)
Jewellery
 v - a ring of see invisible (right hand)
   (You found it on level 3 of the Dungeon)
 D - a +6 ring of dexterity (left hand)
   (You took it off an orc on level 3 of the Dungeon)
Wands
 m - a wand of mindburst (15)
   (You found it on level 2 of the Dungeon)
Scrolls
 f - a scroll of fog {unknown}
 i - 2 scrolls of amnesia {unknown}
 l - 2 scrolls of identify {unknown}
 n - a scroll of blinking {unknown}
 q - a scroll of torment {unknown}
 r - 3 scrolls of teleportation {unknown}
Potions
 d - a potion of might
 e - a potion of brilliance {unknown}
 g - a potion of enlightenment {unknown}
 h - a potion of ambrosia {unknown}
 j - a potion of mutation {unknown}
 p - a potion of attraction {unknown}
 s - a potion of magic {unknown}
 t - a potion of curing {unknown}

Dungeon Overview and Level Annotations

Branches:
Dungeon (4/15) Zot: 21125
 Temple: D:4-7

Altars:

Annotations:
D:4 Dowan, Duvessa, Natasha

..[.......#..##..................
...........#.##.....<...........#
.........#.......................
.......###.............#.....#...
.......####.#..........#.####..#.
.......##..................##....
.......##..........##..###.......
.......##.>.<...l..##### ##.....#
#......#........@..#########...##
#...............(................
#......##.........######...######
#......##.......#........###
#......##......#..########
#......##........##
#########........# #.......##
#.......#


You could see an iguana.


Message History

Dowan casts a spell at you. The puff of frost misses you.
Natasha, Servant of Life and Death comes into view.
You block Duvessa's attack.
Natasha hisses angrily.
You hit Duvessa. Your headbutt misses Duvessa.
Duvessa hits you with a +0 short sword.
Dowan points at you and mumbles some strange words.
You are outlined in light. 😕 HP[-5]
You take 5 damage, and now have 39/51 hp.
You barely miss Duvessa.
Duvessa hits you with a +0 short sword. x2 😮 HP[-8]
You take 8 damage, and now have 31/51 hp.
You barely miss Duvessa. Your headbutt misses Duvessa.
Duvessa barely misses you. Dowan gestures at you while chanting.
The puff of flame hits you!
* * * LOW HITPOINT WARNING * * *
😨 HP[-9]
You take 9 damage, and now have 22/51 hp.
Unknown command.
Duvessa barely misses you. Duvessa completely misses you.
You furiously retaliate!
You headbutt Duvessa.
You climb upwards.
There is a stone staircase leading down here.
Unknown command. 😨 HP[+1]
You start resting.
You are no longer glowing. 😮 HP[+8]
You regained 8 hp, and now have 31/51 hp.
You start resting. 😕 HP[+12]
You regained 12 hp, and now have 43/51 hp.
You start resting. 😎 HP[+8]
Your hp is fully restored (51).
There is a stone staircase leading down here.
You climb downwards.
Level annotation: Dowan, Duvessa, Natasha The jelly quivers.
The adder hisses angrily.
The orc shouts!
You hear a shout!
An iguana comes into view.
There is a stone staircase leading up here.
An orc comes into view. It is wielding a +0 mace.
There is a stone staircase leading up here.
You thump the orc!
You kill the orc!
The adder bites you but does no damage. The adder barely misses you.
You thump the adder! The adder barely misses you. You furiously retaliate!
You headbutt the adder.
You kill the adder!
Your Maces & Flails skill increases to level 9!
You hit the jelly.
Your hands burn!
The jelly barely misses you. 😕 HP[-4]
You take 4 damage, and now have 47/51 hp.
The jelly hits you but does no damage. The iguana bites you.
You climb upwards.
There is a stone staircase leading down here. 😕 HP[-1]
You take 1 damage, and now have 46/51 hp.
You sock the jelly!
Your hands burn!
The jelly hits you but does no damage.
The iguana bites you but does no damage.
You hit the jelly.
Your hands burn!
You block the jelly's attack. The iguana closely misses you. 😕 HP[-3]
You take 3 damage, and now have 43/51 hp.
You hit the jelly. The acid corrodes you!
Your hands burn!
You block the jelly's attack. You block the iguana's attack.
You hit the jelly.
Your hands burn!
The jelly hits you.
You are splashed with acid!
The iguana bites you!
* * * LOW HITPOINT WARNING * * *
😨 HP[-23]
You take 23 damage, and now have 20/51 hp.
MASSIVE DAMAGE!! (PAUSE)
You thump the jelly!
You kill the jelly!
The iguana bites you but does no damage. 😨 HP[+1] Unknown command.
You closely miss the iguana. You headbutt the iguana.
You block the iguana's attack.
Unknown command.
You closely miss the iguana. The iguana bites you.
* * * LOW HITPOINT WARNING * * *
😨 HP[-2]
You take 2 damage, and now have 19/51 hp.
You closely miss the iguana. The iguana bites you!
* * * LOW HITPOINT WARNING * * *
😱 HP[-12]
You take 12 damage, and now have 7/51 hp.
MASSIVE DAMAGE!! (PAUSE)
Okay, then.
You hit the iguana but do no damage.
You headbutt the iguana, but do no damage.
The iguana closely misses you. 😱 HP[+1]
You barely miss the iguana. The iguana bites you!
You die...

Skill      XL: |  1  2  3  4  5  6 |
---------------+-------------------+-----
Maces & Flails | 3 4 5 6 7 9 |  9.1
Fighting       | |  3.6
Armour         | |  3.6
Shields        | |  3.6

Action                     |  1- 3 |  4- 6 || total
---------------------------+-------+-------++-------
  Melee: Flail             |    69 |   167 ||   236
         Headbutt          |    10 |    23 ||    33
 Armour: Scale mail        |    61 |   125 ||   186
  Dodge: Dodged            |    45 |    82 ||   127
  Block: Buckler           |    16 |    40 ||    56

Levels and vault maps discovered:
D:1:      psy_arrival_dodecagon, layout_basic, ebering_dispersal_statue_hall,
          hangedman_decor_lopped
D:2:      layout_basic
D:3:      layout_rooms, dk_noncrumbling_3, uniq_robin
D:4:      layout_cave_pools, serial_shops, shop, uniq_natasha, uniq_duvessa

Notes
Turn   | Place    | Note
-------+----------+-------------------------------------------
     0 | D:1      | kae the Minotaur Fighter began the quest for the Orb.
     0 | D:1      | Reached XP level 1. HP: 19/19 MP: 0/0
     0 | D:1      | magus.rc [v1.11.3]
    34 | D:1      | Upgraded the game from 0.31-a0-1202-ga8fea8b373 to
                  | 0.31-a0-1206-g41278d8d1d
    34 | D:1      | magus.rc [v1.11.3]
   113 | D:1      | Reached skill level 3 in Maces & Flails
   177 | D:1      | Reached XP level 2. HP: 19/26 MP: 1/1
   544 | D:1      | Reached skill level 4 in Maces & Flails
   859 | D:1      | Reached XP level 3. HP: 13/31 MP: 2/2
   860 | D:1      | HP: 7/31 [gnoll/+0 club (3)]
   975 | D:1      | Reached skill level 5 in Maces & Flails
  1093 | D:2      | Reached XP level 4. HP: 39/39 MP: 3/3
  1298 | D:2      | Reached skill level 6 in Maces & Flails
  1324 | D:2      | Reached XP level 5. HP: 30/45 MP: 4/4
  1735 | D:3      | Reached skill level 7 in Maces & Flails
  1862 | D:3      | Noticed Robin
  1932 | D:3      | Killed Robin
  2021 | D:3      | Reached XP level 6. HP: 38/51 MP: 5/5
  2124 | D:3      | Reached skill level 8 in Maces & Flails
  2650 | D:4      | Noticed Natasha
  2658 | D:4      | Killed Natasha
  2668 | D:4      | Noticed Natasha
  2671 | D:4      | Killed Natasha
  2690 | D:4      | Noticed Duvessa
  2692 | D:4      | Noticed Dowan
  2698 | D:4      | Noticed Natasha
  2815 | D:4      | Reached skill level 9 in Maces & Flails
  2825 | D:3      | HP: 7/51 [iguana (12)]
  2827 | D:3      | Slain by an iguana

Vanquished Creatures
  An ogre (D:3)
  A jelly (D:3)
  An iguana (D:3)
  Natasha (twice) (D:4)
  An orc wizard (D:3)
  Robin (D:3)
  10 gnolls
  8 adders
  A worm (D:2)
  A dart slug (D:1)
  4 orcs
  9 ball pythons
  4 bats
  3 endoplasms
  A giant cockroach (D:1)
  16 goblins
  13 hobgoblins
  4 jackals (D:2)
  4 quokkas
  9 frilled lizards
  8 kobolds
  4 rats
106 creatures vanquished.

Table legend:
 A = Non-vault XP
 B = Vault XP
 C = Vault XP percentage of total XP
 D = Non-vault monster count
 E = Vault monster count
 F = Vault count percentage of total count
                 A         B        C        D         E       F
            +---------+---------+-------+---------+---------+-------
      Total |     645 |      72 |  10.0 |      92 |      14 |  13.2
            +---------+---------+-------+---------+---------+-------
        D:1 |      81 |       0 |   0.0 |      28 |       0 |   0.0
        D:2 |     164 |       2 |   1.2 |      29 |       1 |   3.3
        D:3 |     342 |      35 |   9.3 |      29 |      12 |  29.3
        D:4 |      58 |      35 |  37.6 |       6 |       1 |  14.3
            +---------+---------+-------+---------+---------+-------

Skill      XL: |  1  2  3  4  5  6 |
---------------+-------------------+-----
Maces & Flails | 3 4 5 6 7 9 |  9.1
Fighting       | |  3.6
Armour         | |  3.6
Shields        | |  3.6

Action                     |  1- 3 |  4- 6 || total
---------------------------+-------+-------++-------
  Melee: Flail             |    69 |   167 ||   236
         Headbutt          |    10 |    23 ||    33
 Armour: Scale mail        |    61 |   125 ||   186
  Dodge: Dodged            |    45 |    82 ||   127
  Block: Buckler           |    16 |    40 ||    56

Illustrated notes

Table legend:
 A = Kills in this place as a percentage of kills in the entire game.
 B = Kills by you in this place as a percentage of kills by you in the entire game.
 C = Kills by friends in this place as a percentage of kills by friends in the entire game.
 D = Other kills in this place as a percentage of other kills in the entire game.
 E = Experience gained in this place as a percentage of experience gained in the entire game.
 F = Experience gained in this place divided by the number of levels of this place that you have seen.
                   A       B       C       D       E      F
               +-------+-------+-------+-------+-------+----------------------
         Total | 100.0 | 100.0 |   N/A |   N/A | 100.0 | 179.2
       Dungeon | 100.0 | 100.0 |   N/A |   N/A | 100.0 | 179.2
               +-------+-------+-------+-------+-------+----------------------

Table legend: (Time is in decaauts)
 A = Elapsed time spent in this place.
 B = Non-inter-level travel time spent in this place.
 C = Inter-level travel time spent in this place.
 D = Time resting spent in this place.
 E = Time spent auto-exploring this place.
 F = Levels seen in this place.
 G = Mean time per level.
                   A        B        C        D        E       F      G
               +--------+--------+--------+--------+--------+-----+--------+
         Total |   2873 |   2780 |     93 |    563 |   1660 |   4 |  718.2 |
       Dungeon |   2873 |   2780 |     93 |    563 |   1660 |   4 |  718.2 |
               +--------+--------+--------+--------+--------+-----+--------+

Top non-repeatable levels by time:
     D:1: 1046 daAuts
     D:3: 969 daAuts
     D:2: 781 daAuts
     D:4: 77 daAuts
